 Dungeon Crawl Stone Soup version 0.28-a0-723-g095bd1b44f (webtiles) character file.

Game seed: 8870681856780078814

25 lunkers the Skirmisher (level 3, -9/30 HPs)
             Began as a Djinni Cinder Acolyte on Oct 25, 2021.
             Was a High Priest of Ignis.
             Mangled by Terence (12 damage)
             ... on level 2 of the Dungeon.
             The game lasted 00:01:14 (1411 turns).

lunkers the Skirmisher (Djinni Cinder Acolyte)      Turns: 1411, Time: 00:01:15

Health: -9/30      AC:  2    Str: 19    XL:     3   Next: 20%
Gold:   46         EV: 26    Int: 16    God:    Ignis [*****.] SH:  0 Dex:  8

rFire   + + +      SeeInvis .   a - -1 short sword (flame)
rCold   x . .      Faith    .   (no shield)
rNeg    . . .      Spirit   .   b - +0 robe
rPois   ∞          Reflect  .   (no helmet)
rElec   .          Harm     .   (no cloak)
rCorr   .          Rampage  .   (no gloves)
Will    .....                   (boots unavailable)
Stlth   +.........              i - amulet of the acrobat
HPRegen 0.10/turn               d - +6 ring of strength
MPRegen 0.00/turn               (no ring)

@: acrobatic, flying
A: sickness immunity, fire resistance 2, cold vulnerability 1, float, innate
caster, hp casting, extra vitality 1
a: Renounce Religion, Sea of Fire, Foxfire Swarm, Rising Flame


You were on level 2 of the Dungeon.
You worshipped Ignis.
Ignis was extremely pleased with you.
You visited 1 branch of the dungeon, and saw 2 of its levels.

You collected 46 gold pieces.

Inventory:

Hand Weapons
 a - a -1 short sword of flaming (weapon)
Armour
 b - a +0 robe (worn)
Jewellery
 d - a +6 ring of strength (left hand)
 i - an amulet of the acrobat (around neck)
Scrolls
 c - a scroll of vulnerability {unknown}
 f - a scroll of noise {unknown}
Potions
 e - a potion of attraction {unknown}
 g - a potion of curing {unknown}
 h - a potion of degeneration {unknown}


   Skills:
 + Level 3.3 Fighting
 - Level 2.6 Short Blades
 * Level 3.0 Spellcasting


You had 5 spell levels left.
You knew the following spells:

 Your Spells              Type           Power      Damage    Failure   Level
a - Magic Dart            Conj           48%        1d5       5%          1
p - Scorch                Fire           24%        2d6       9%          2
Your spell library was empty.

Dungeon Overview and Level Annotations

Branches:
Dungeon (2/15)

Altars:

Annotations:
D:2 Terence


Innate Abilities, Weirdness & Mutations

You are immune to sickness and miasma.
You are immune to poison.
Your flesh is very heat resistant. (rF++)
You are vulnerable to cold. (rC-)
You float through the air rather than walking.
You learn spells naturally, not from books.
Your magical power is your life essence.
You have superior vitality. (+4 HP)


Message History

Press: ? - help, Q - select action, (/) - cycle Dir - look around, f - activate Flames lash Terence but do no damage.
Terence misses you.
Casting: Scorch (safe; 9% risk of failure)
Press: ? - help, Q - select action, (/) - cycle Dir - look around, f - activate Flames lash Terence but do no damage.
* * * LOW HITPOINT WARNING * * *
Terence hits you with a +0 morningstar!
* * * LOW HITPOINT WARNING * * *
Casting: Scorch (safe; 9% risk of failure)
Press: ? - help, Q - select action, (/) - cycle Dir - look around, f - activate Flames lash Terence but do no damage.
* * * LOW HITPOINT WARNING * * *
Terence closely misses you.
Casting: Scorch (safe; 9% risk of failure)
Press: ? - help, Q - select action, (/) - cycle Dir - look around, f - activate Flames lash Terence.
Terence is burned terribly!
Terence is heavily wounded.
* * * LOW HITPOINT WARNING * * *
Terence is no longer more vulnerable to fire.
Terence hits you with a +0 morningstar.
* * * LOW HITPOINT WARNING * * *
Casting: Scorch (safe; 9% risk of failure)
Press: ? - help, Q - select action, (/) - cycle Dir - look around, f - activate Flames lash Terence but do no damage.
* * * LOW HITPOINT WARNING * * *
Terence barely misses you.
Casting: Scorch (safe; 9% risk of failure)
Press: ? - help, Q - select action, (/) - cycle Dir - look around, f - activate Flames lash Terence.
Terence is severely wounded.
Terence's fire resistance burns away.
* * * LOW HITPOINT WARNING * * *
Terence misses you.
Unknown command.
Unknown command.
Terence is no longer more vulnerable to fire.
Terence shouts, "Get ready for death!"
Terence hits you with a +0 morningstar!
You die...

# #.# # #. #.# #
#.##.###############
#...................
###.################
#.# # #.# # #†# #
#@###### # #.@....#
######.# #.# #.# #.#
#.# #†# #<#


You could see Terence.

Vanquished Creatures
  A dart slug (D:1)
  3 ball pythons (D:1)
  3 giant cockroaches
  A goblin (D:2)
  4 quokkas
  2 bats (D:1)
  2 frilled lizards (D:1)
  3 kobolds (D:1)
  2 rats (D:1)
21 creatures vanquished.

Notes
Turn   | Place    | Note
-------+----------+-------------------------------------------
     0 | D:1      | lunkers the Djinni Cinder Acolyte began the quest for the
                  | Orb.
     0 | D:1      | Reached XP level 1. HP: 20/20 MP: 0/0
   516 | D:1      | Reached XP level 2. HP: 18/25 MP: 0/0
  1204 | D:2      | Reached XP level 3. HP: 25/30 MP: 0/0
  1204 | D:2      | Learned a level 1 spell: Magic Dart
  1285 | D:2      | Found a faded altar of an unknown god.
  1390 | D:2      | Noticed Terence
  1411 | D:2      | Mangled by Terence

Illustrated notes

Levels and vault maps discovered:
D:1:      co_arrival_random_square_maze, layout_basic
D:2:      layout_loops_ring, ebering_ecumenical_altar_sacrificial, uniq_terence

Skill      XL: |  1  2  3 |
---------------+----------+-----
Spellcasting   | 3 |  3.0
Fighting       | |  3.3
Short Blades   | |  2.6

Action                   || total
-------------------------++-------
Melee: Short sword       ||    27
 Cast: Scorch            ||    22
       Magic Dart        ||     6
Armor: Robe              ||     5
Dodge: Dodged            ||    23

Table legend: (Time is in decaauts)
 A = Elapsed time spent in this place.
 B = Non-inter-level travel time spent in this place.
 C = Inter-level travel time spent in this place.
 D = Time resting spent in this place.
 E = Time spent auto-exploring this place.
 F = Levels seen in this place.
 G = Mean time per level.
                   A        B        C        D        E       F      G
               +--------+--------+--------+--------+--------+-----+--------+
         Total |   1409 |   1395 |     14 |      0 |   1262 |   2 |  704.5 |
       Dungeon |   1409 |   1395 |     14 |      0 |   1262 |   2 |  704.5 |
               +--------+--------+--------+--------+--------+-----+--------+

Top non-repeatable levels by time:
     D:1: 1188 daAuts
     D:2: 221 daAuts
